 Dungeon Crawl Stone Soup version 0.30.1-4-g462c640d31 (webtiles) character file.

Game seed: 13033650298518157769

651 LynnLen the Sneak (level 7, -2/34 HPs)
             Began as a Spriggan Enchanter on Aug 26, 2023.
             Slain by an ogre
             ... wielding a +0 giant spiked club
              (24 damage)
             ... on level 5 of the Dungeon.
             The game lasted 00:13:41 (4851 turns).

LynnLen the Sneak (Spriggan Enchanter)              Turns: 4851, Time: 00:13:41

Health: -2/34      AC:  2    Str:  4    XL:     7   Next: 28%
Magic:  0/14       EV: 18    Int: 18    God:
Gold:   219        SH:  0    Dex: 16    Spells: 3/14 levels left

rFire   . . .        a - +1 dagger
rCold   . . .        (no shield)
rNeg    . . .        b - +0 robe
rPois   .            (helmet restricted)
rElec   .            (no cloak)
rCorr   .            (gloves unavailable)
SInv    +            (boots unavailable)
Will    +....        (no amulet)
Stlth   +++          m - ring of flight
HPRegen 0.25/turn    (no ring)
MPRegen 0.14/turn

%: no passive effects
@: flying, very quick
A: very small, no large weapons, unfitting armour, see invisible, speed 3
a: no special abilities


You were on level 5 of the Dungeon.
You visited 1 branch of the dungeon, and saw 5 of its levels.

You collected 219 gold pieces.

Inventory:

Hand Weapons
 a - a +1 dagger (weapon)
Missiles
 h - a throwing net
Armour
 b - a +0 robe (worn)
Jewellery
 e - a ring of fire
 m - a ring of flight (left hand)
 t - an amulet of reflection
Wands
 j - a wand of iceblast (7)
 r - a wand of mindburst (6)
Scrolls
 f - a scroll of teleportation
 l - a scroll of silence {unknown}
 n - 2 scrolls of amnesia
 o - a scroll of fear {unknown}
 p - a scroll of immolation
Potions
 c - 2 potions of invisibility
 d - 3 potions of ambrosia
 g - 2 potions of curing
 i - 2 potions of haste
 k - 3 potions of mutation
 q - 2 potions of resistance {unknown}
 s - a potion of experience {unknown}


   Skills:
 + Level 1.7 Fighting
 * Level 4.0 Short Blades
 + Level 4.3 Dodging
 + Level 6.1 Stealth
 + Level 4.1 Spellcasting
 * Level 5.8 Hexes
 + Level 1.8 Ice Magic


You had 3 spell levels left.
You knew the following spells:

 Your Spells              Type           Power      Damage    Failure   Level
a - Ensorcelled Hibernat  Hex/Ice        34%        N/A       4%          2
b - Confusing Touch       Hex            24%        N/A       3%          3
c - Tukima's Dance        Hex            24%        N/A       3%          3
d - Stone Arrow           Conj/Erth      6%         3d7       41%         3

Your spell library contained the following spells:

 Spells                   Type           Power      Damage    Failure   Level
 Dazzling Flash           Conj/Hex       28%        N/A       13%         3
 Necrotise                Necr           12%        1d4       14%         1
 Spider Form              Tmut/Pois      3%         N/A       41%         3
 Vampiric Draining        Necr           3%         2d6       41%         3
 Anguish                  Hex/Necr       7%         N/A       41%         4
 Animate Armour           Summ/Erth      6%         N/A       82%         4
 Agony                    Necr           3%         N/A       99%         5
 Iskenderun's Battlesphe  Conj           3%         2d6       99%         5
 Iron Shot                Conj/Erth      1%         9d1       100%        6
 Spellforged Servitor     Conj/Summ      1%         N/A       100%        7
 Lehudib's Crystal Spear  Conj/Erth      1%         10d2      100%        8


Dungeon Overview and Level Annotations

Branches:
Dungeon (5/15)
 Temple: D:4-7

Altars:
The Shining One

Shops:
D:4 *

Annotations:
D:3 1 runed translucent door, rozman's ghost, amateur SpBr


Innate Abilities, Weirdness & Mutations

You are very small and have problems with some larger weapons.
You are too small for most types of armour.
You have supernaturally acute eyesight. (SInv)
You cover ground extremely quickly. (Speed+++)


Message History

Aim: a centaur, quivering stones (chance to affect: 50%)
The centaur resists with some effort.
The centaur completely misses you. The centaur barely misses you.
The ogre barely misses you.
Aiming: Ensorcelled Hibernation (safe; 4% risk of failure)
Press: ? - help, Q - select action, (/) - cycle Shift-Dir - straight line, f/p - centaur
Aim: a centaur, quivering stones (chance to affect: 50%)
The centaur resists with some effort.
The centaur misses you. x2; The centaur barely misses you.
The centaur misses you.
Aiming: Ensorcelled Hibernation (safe; 4% risk of failure)
Press: ? - help, Q - select action, (/) - cycle Shift-Dir - straight line, f/p - centaur
Aim: a centaur, quivering stones (chance to affect: 50%)
The centaur looks drowsy...
The ogre hits you with a +0 giant spiked club!
* * * LOW HITPOINT WARNING * * *
The helpless centaur fails to defend itself.
You perforate the centaur like a sieve!!!
You kill the centaur!
The ogre closely misses you.
Your Short Blades skill increases to level 4!
Unknown command.
Aiming: Ensorcelled Hibernation (safe; 4% risk of failure)
Press: ? - help, Q - select action, (/) - cycle Shift-Dir - straight line, f - ogre
Aim: an ogre, wielding a +0 giant spiked club (chance to affect: 50%)
You miscast Ensorcelled Hibernation.
You are very lightly contaminated with residual magic.
Nothing appears to happen.
You feel better.
There are no items here.
Aiming: Ensorcelled Hibernation (safe; 4% risk of failure)
Press: ? - help, Q - select action, (/) - cycle Shift-Dir - straight line, f/p - ogre
Aim: an ogre, wielding a +0 giant spiked club (chance to affect: 50%)
The ogre looks drowsy...
Unknown command.
Your magical contamination has completely faded away.
You barely miss the ogre.
The ogre hits you with a +0 giant spiked club!!
Ouch! That really hurt!
You die...

.....P.P PPP.P.P...##....
.....P...P.....P....#....
..#..P.P.P.PPP.P........#
.##....P P.P.P.P.....###
##...P.P.P.P.PPP....##
##...P.P.P.........##
#...#PPP.PPPPPPP...#
.........# #####O##
.........# ##@..##
........# ##.....#
........# ###...#...#
.##....## ##...####..#
.###...####...## #..# .#
##........## #... .#
#.......## #... ##
#...###..# #.. #....#..
#..# .#


You could see an ogre.

Vanquished Creatures
  A centaur (D:5)
  2 scorpions
  3 jellies
  Ijyb (D:3)
  Jessica (D:3)
  8 gnolls
  12 adders
  A white imp (D:4)
  2 worms (D:3)
  4 dart slugs
  6 orcs
  11 ball pythons
  5 bats
  9 endoplasms
  2 giant cockroaches
  2 goblins
  6 hobgoblins
  12 jackals
  9 kobolds
  4 quokkas
  A frilled lizard (D:1)
  A goblin skeleton (D:4)
  2 goblin zombies (D:4)
  4 hobgoblin zombies (D:4)
  2 kobold skeletons (D:4)
  An orc skeleton (D:4)
  An orc zombie (D:4)
  6 rats
119 creatures vanquished.

Notes
Turn   | Place    | Note
-------+----------+-------------------------------------------
     0 | D:1      | LynnLen the Spriggan Enchanter began the quest for the Orb.
     0 | D:1      | Reached XP level 1. HP: 9/9 MP: 5/5
   227 | D:1      | Reached XP level 2. HP: 9/13 MP: 6/6
   236 | D:1      | Learned a level 2 spell: Ensorcelled Hibernation
   623 | D:1      | Reached XP level 3. HP: 17/17 MP: 6/8
   627 | D:1      | Learned a level 3 spell: Confusing Touch
   631 | D:1      | Learned a level 3 spell: Tukima's Dance
  1593 | D:2      | Reached XP level 4. HP: 21/21 MP: 9/9
  2281 | D:3      | Reached skill level 5 in Stealth
  2621 | D:3      | Reached XP level 5. HP: 25/25 MP: 8/11
  2739 | D:3      | Noticed Ijyb
  2750 | D:3      | Killed Ijyb
  2751 | D:3      | Reached skill level 1 in Fighting
  2751 | D:3      | Reached skill level 1 in Ice Magic
  2944 | D:3      | Noticed Jessica
  2952 | D:3      | Killed Jessica
  2978 | D:3      | Found a faded altar of an unknown god.
  3312 | D:3      | Found a runed translucent door.
  3312 | D:3      | Noticed rozman's ghost (amateur SpBr)
  3440 | D:4      | Reached skill level 5 in Hexes
  3665 | D:4      | Found Dinkyuh's Gadget Gallery.
  3755 | D:4      | Found a glowing golden altar of the Shining One.
  3790 | D:4      | Reached XP level 6. HP: 17/30 MP: 9/12
  3918 | D:4      | Learned a level 3 spell: Stone Arrow
  4547 | D:5      | Entered Level 5 of the Dungeon
  4719 | D:5      | Reached skill level 6 in Stealth
  4719 | D:5      | Reached XP level 7. HP: 33/33 MP: 9/14
  4851 | D:5      | Slain by an ogre

Illustrated notes

Levels and vault maps discovered:
D:1:      tarquinn_simple_flora_water_a, layout_basic, corexii_leaking_fountain,
          minmay_tripent
D:2:      layout_basic
D:3:      layout_basic, gammafunk_ghost_grave,
          hellmonk_ecumenical_altar_leap_of_faith, st_stairs_7, uniq_ijyb,
          uniq_jessica
D:4:      layout_cave_pods, nicolae_tso_besieged_by_evil, nicolae_shop_gadgets
D:5:      layout_layer_cave, nicolae_ossuary_entry_giza, minmay_hedge_maze,
          serial_bayou_pond_e

Skill      XL: |  1  2  3  4  5  6  7 |
---------------+----------------------+-----
Hexes          | 4 5 |  5.8
Dodging        | 3 4 |  4.3
Spellcasting   | 3 4 |  4.1
Short Blades   | 2 3 4 |  4.0
Stealth        | 5 6 |  6.1
Fighting       | 1 |  1.7
Ice Magic      | 1 |  1.8

Action                     |  1- 3 |  4- 6 |  7- 9 || total
---------------------------+-------+-------+-------++-------
  Melee: Dagger            |   106 |   189 |     3 ||   298
         Punch             |     1 |     1 |       ||     2
   Cast: Ensorcelled Hiber |     1 |    44 |     7 ||    52
         Confusing Touch   |       |     1 |       ||     1
  Evoke: Wand              |       |     1 |       ||     1
    Use: Scroll            |     4 |     7 |       ||    11
         Potion            |       |       |     1 ||     1
   Stab: Sleeping          |    16 |    50 |     2 ||    68
         Distracted        |       |     2 |       ||     2
 Armour: Robe              |     8 |    11 |     1 ||    20
  Dodge: Dodged            |    64 |   127 |    17 ||   208
